TOP OF THE 1ST |
Topeka Tornados batting - Pitching for Tuscaloosa Trout Slayers : LHP José Acevedo
|
Pitching: LHP José Acevedo
|
|
Batting: RHB Desi Thompson
|
0-0: Ball 1-0: Ball 2-0: Ground out 6-3 (Groundball, 6)
|
Batting: LHB Yoshiaki Ohayashi
|
0-0: Ball 1-0: Called Strike 1-1: Single, Error in OF, E7, batter to second base
|
Batting: RHB Bob Hall
|
0-0: Ground out 6-3 (Groundball, 6)
|
Batting: RHB Alberto Campos
|
0-0: Ball 1-0: Called Strike 1-1: Ball 2-1: Ball 3-1: Swinging Strike 3-2: Strikes out looking
|
Top of the 1st over - 0 run(s), 1 hit(s), 1 error(s), 1 left on base; Topeka 0 - Tuscaloosa 0 |
BOTTOM OF THE 1ST |
Tuscaloosa Trout Slayers batting - Pitching for Topeka Tornados : LHP Seiichi Yamamoto
|
Pitching: LHP Seiichi Yamamoto
|
|
Batting: RHB Pat Fullerton
|
0-0: Ball 1-0: Called Strike 1-1: Hit by Pitch
|
Batting: RHB José Fernández
|
0-0: Reached on error, E6 (Groundball, 6S) Pat Fullerton to third
|
Batting: RHB Ben Morton
|
0-0: Swinging Strike 0-1: Ball 1-1: Foul Ball, location: 2F 1-2: Ball 2-2: Ball 3-2: SINGLE (Line Drive, 34D) Pat Fullerton scores José Fernández to third
|
Batting: LHB Pat Zimmerman
|
0-0: Ball 1-0: SINGLE (Line Drive, 78S) José Fernández scores Ben Morton to second
|
Batting: LHB Marcos Villarreal
|
0-0: Ball 1-0: Fielders Choice at 2nd, 4-6 (Groundball, 4M) Ben Morton to third
|
Batting: LHB Ed Hart
|
0-0: Ball 1-0: Foul Ball, location: 2F 1-1: Fly out, F9 (Line Drive, 89M)
|
Batting: SHB Tucker Thomas
|
0-0: Ball 1-0: Ball 2-0: Ball 3-0: Called Strike 3-1: Ground out 4-3 (Groundball, 4D)
|
Bottom of the 1st over - 2 run(s), 2 hit(s), 1 error(s), 2 left on base; Topeka 0 - Tuscaloosa 2 |
TOP OF THE 2ND |
Topeka Tornados batting - Pitching for Tuscaloosa Trout Slayers : LHP José Acevedo
|
Batting: SHB Giancarlo Giannini
|
0-0: Called Strike 0-1: Called Strike 0-2: SINGLE (Flyball, 7S)
|
Batting: RHB Ed Watkins
|
0-0: Ball Giancarlo Giannini steals 2nd base 1-0: Swinging Strike 1-1: Foul Ball, location: 2F 1-2: Ball 2-2: SINGLE (Line Drive, 56) Giancarlo Giannini to third
|
Batting: RHB Gabriel Santana
|
0-0: Ball 1-0: Foul Ball, location: 2F 1-1: Foul Ball, location: 2F 1-2: Strikes out swinging
|
Batting: RHB Dave Henderson
|
0-0: Ball 1-0: Called Strike 1-1: Ball 2-1: Ball Pickoff Throw by Catcher to First - Out! 3-1: Foul Ball, location: 2F 3-2: DOUBLE (Line Drive, 78M) Giancarlo Giannini scores
|
Batting: LHB Rusty Clinton
|
0-0: Ball 1-0: Ball 2-0: Ball 3-0: Called Strike 3-1: Foul Ball, location: 2F 3-2: Strikes out looking
|
Top of the 2nd over - 1 run(s), 3 hit(s), 0 error(s), 1 left on base; Topeka 1 - Tuscaloosa 2 |
BOTTOM OF THE 2ND |
Tuscaloosa Trout Slayers batting - Pitching for Topeka Tornados : LHP Seiichi Yamamoto
|
Batting: RHB Jason Saunders
|
0-0: Called Strike 0-1: SINGLE (Groundball, 56S) (infield hit)
|
Batting: LHB Mark Owens
|
0-0: Ball 1-0: Ball 2-0: Foul Ball, location: 2F 2-1: Ball 3-1: Base on Balls Jason Saunders to second
|
Batting: RHB Pat Fullerton
|
0-0: Ball 1-0: Foul Ball, location: 2F 1-1: Called Strike 1-2: Foul Ball, location: 2F 1-2: Ball 2-2: Fly out, F3 (Popup, 3L)
|
Batting: RHB José Fernández
|
0-0: Foul Ball, location: 2F 0-1: Ball 1-1: Called Strike 1-2: Strikes out swinging
|
Batting: RHB Ben Morton
|
0-0: Ball 1-0: Ball 2-0: Called Strike 2-1: Foul Ball, location: 2F 2-2: SINGLE (Groundball, 6D) Jason Saunders to third Mark Owens to second Runner from 3rd tries for Home, SAFE, throw made home Mark Owens to third Ben Morton to second
|
Batting: LHB Pat Zimmerman
|
0-0: Ball 1-0: Foul Ball, location: 2F 1-1: Fly out, F7 (Flyball, 7)
|
Bottom of the 2nd over - 1 run(s), 2 hit(s), 0 error(s), 2 left on base; Topeka 1 - Tuscaloosa 3 |
TOP OF THE 3RD |
Topeka Tornados batting - Pitching for Tuscaloosa Trout Slayers : LHP José Acevedo
|
Batting: RHB Desi Thompson
|
0-0: Ball 1-0: Fly out, F8 (Flyball, 8RD)
|
Batting: LHB Yoshiaki Ohayashi
|
0-0: Called Strike 0-1: Foul Ball, location: 2F 0-2: Strikes out looking
|
Batting: RHB Bob Hall
|
0-0: Called Strike 0-1: Called Strike 0-2: Fly out, F8 (Flyball, 8RD)
|
Top of the 3rd over - 0 run(s), 0 hit(s), 0 error(s), 0 left on base; Topeka 1 - Tuscaloosa 3 |
BOTTOM OF THE 3RD |
Tuscaloosa Trout Slayers batting - Pitching for Topeka Tornados : LHP Seiichi Yamamoto
|
Batting: LHB Marcos Villarreal
|
0-0: Foul Ball, location: 2F 0-1: Foul Ball, location: 2F 0-2: Ball 1-2: Foul Ball, location: 2F 1-2: Foul Ball, location: 2F 1-2: Ball 2-2: Strikes out swinging
|
Batting: LHB Ed Hart
|
0-0: Fly out, F8 (Flyball, 8LS)
|
Batting: SHB Tucker Thomas
|
0-0: Ball 1-0: Ball 2-0: Ball 3-0: Called Strike 3-1: Fly out, F4 (Popup, 34)
|
Bottom of the 3rd over - 0 run(s), 0 hit(s), 0 error(s), 0 left on base; Topeka 1 - Tuscaloosa 3 |
TOP OF THE 4TH |
Topeka Tornados batting - Pitching for Tuscaloosa Trout Slayers : LHP José Acevedo
|
Batting: RHB Alberto Campos
|
0-0: Called Strike 0-1: Ground out 5-3 (Groundball, 56)
|
Batting: SHB Giancarlo Giannini
|
0-0: SINGLE (Groundball, 6MD)
|
Batting: RHB Ed Watkins
|
0-0: Called Strike 0-1: Grounds into double play, 5-4-3 (Groundball, 5)
|
Top of the 4th over - 0 run(s), 1 hit(s), 0 error(s), 0 left on base; Topeka 1 - Tuscaloosa 3 |
BOTTOM OF THE 4TH |
Tuscaloosa Trout Slayers batting - Pitching for Topeka Tornados : LHP Seiichi Yamamoto
|
Batting: RHB Jason Saunders
|
0-0: Called Strike 0-1: Foul Ball, location: 2F 0-2: Foul Ball, location: 2F 0-2: Ground out 6-3 (Groundball, 6)
|
Batting: LHB Mark Owens
|
0-0: Ball 1-0: Swinging Strike 1-1: Foul Ball, location: 2F 1-2: Ball 2-2: Foul Ball, location: 2F 2-2: SINGLE (Groundball, 2L) (infield hit)
|
Pinch Runner at 1st José Ortega:
|
|
Batting: RHB Pat Fullerton
|
0-0: Foul Ball, location: 2F 0-1: Foul Ball, location: 2F 0-2: Ball 1-2: Foul Ball, location: 2F 1-2: Ball 2-2: Foul Ball, location: 2F 2-2: Single, Error in OF, E8, batter to second base José Ortega to third
|
Batting: RHB José Fernández
|
0-0: Ball 1-0: Ball 2-0: SINGLE (Line Drive, 9S) José Ortega scores Pat Fullerton to third Runner from 3rd tries for Home, SAFE, no throw
|
Batting: RHB Ben Morton
|
0-0: Ball 1-0: Called Strike 1-1: Ball 2-1: SINGLE (Groundball, 34D) José Fernández to second Runner from 2nd tries for 3rd, SAFE, throw made to third
|
Batting: LHB Pat Zimmerman
|
0-0: Called Strike 0-1: SINGLE (Groundball, 34D) José Fernández scores Ben Morton to second Throwing error, E9 Ben Morton scores Pat Zimmerman to second
|
Pitching: RHP Bill Coffey
|
|
Batting: LHB Marcos Villarreal
|
0-0: Called Strike 0-1: Foul Ball, location: 2F 0-2: Ball 1-2: Strikes out looking
|
Batting: LHB Ed Hart
|
0-0: Called Strike 0-1: Reached on error, E6 (Groundball, 6) Pat Zimmerman to third
|
Batting: SHB Tucker Thomas
|
0-0: Foul Ball, location: 2F 0-1: DOUBLE (Line Drive, 78D) Pat Zimmerman scores Ed Hart to third
|
Batting: RHB Jason Saunders
|
0-0: Called Strike 0-1: Ball Passed Ball! Ed Hart scores Tucker Thomas to third 1-1: Ball 2-1: Ball Wild Pitch! Tucker Thomas scores 3-1: SINGLE (Line Drive, 5D)
|
Batting: RHB José Ortega
|
0-0: Reached on error, E6 (Groundball, 56) Jason Saunders to second
|
Batting: RHB Pat Fullerton
|
0-0: Called Strike 0-1: Ball 1-1: Called Strike 1-2: Foul Ball, location: 2F 1-2: Ball 2-2: Ball 3-2: Strikes out swinging
|
Bottom of the 4th over - 7 run(s), 7 hit(s), 4 error(s), 2 left on base; Topeka 1 - Tuscaloosa 10 |
TOP OF THE 5TH |
Topeka Tornados batting - Pitching for Tuscaloosa Trout Slayers : LHP José Acevedo
|
Now at 2B: José Ortega
|
|
Batting: RHB Gabriel Santana
|
0-0: Ball 1-0: Foul Ball, location: 2F 1-1: Ball 2-1: Ball 3-1: Base on Balls
|
Batting: RHB Dave Henderson
|
0-0: Called Strike 0-1: Ball 1-1: Swinging Strike 1-2: Strikes out swinging
|
Batting: LHB Rusty Clinton
|
0-0: Ball 1-0: SINGLE (Groundball, 56D) Gabriel Santana to second
|
Batting: RHB Desi Thompson
|
0-0: Foul Ball, location: 2F 0-1: SINGLE (Line Drive, 8RS) Gabriel Santana to third Rusty Clinton to second
|
Batting: LHB Yoshiaki Ohayashi
|
0-0: Ball 1-0: Foul Ball, location: 2F 1-1: Swinging Strike 1-2: Strikes out swinging
|
Batting: RHB Bob Hall
|
0-0: Ball 1-0: Swinging Strike 1-1: Swinging Strike 1-2: Foul Ball, location: 2F 1-2: Ball 2-2: Strikes out swinging
|
Top of the 5th over - 0 run(s), 2 hit(s), 0 error(s), 3 left on base; Topeka 1 - Tuscaloosa 10 |
BOTTOM OF THE 5TH |
Tuscaloosa Trout Slayers batting - Pitching for Topeka Tornados : RHP Bill Coffey
|
Batting: RHB José Fernández
|
0-0: Ball 1-0: Fly out, F7 (Flyball, 7D)
|
Batting: RHB Ben Morton
|
0-0: Ball 1-0: Called Strike 1-1: Fly out, F8 (Line Drive, 89D)
|
Batting: LHB Pat Zimmerman
|
0-0: Ball 1-0: Ball 2-0: Fly out, F7 (Flyball, 78S)
|
Bottom of the 5th over - 0 run(s), 0 hit(s), 0 error(s), 0 left on base; Topeka 1 - Tuscaloosa 10 |
TOP OF THE 6TH |
Topeka Tornados batting - Pitching for Tuscaloosa Trout Slayers : LHP José Acevedo
|
Batting: RHB Alberto Campos
|
0-0: Ball 1-0: Foul Ball, location: 2F 1-1: Ball 2-1: Foul Ball, location: 2F 2-2: Ball 3-2: Foul Ball, location: 2F 3-2: Ground out 6-3 (Groundball, 6)
|
Batting: SHB Giancarlo Giannini
|
0-0: Ball 1-0: Ball 2-0: SINGLE (Groundball, 5D)
|
Batting: RHB Ed Watkins
|
0-0: Ground out 5-3 (Groundball, 56S) Giancarlo Giannini to second
|
Batting: RHB Gabriel Santana
|
0-0: Called Strike 0-1: Ground out 1-3 (Groundball, 13)
|
Top of the 6th over - 0 run(s), 1 hit(s), 0 error(s), 1 left on base; Topeka 1 - Tuscaloosa 10 |
BOTTOM OF THE 6TH |
Tuscaloosa Trout Slayers batting - Pitching for Topeka Tornados : RHP Bill Coffey
|
Batting: LHB Marcos Villarreal
|
0-0: Called Strike 0-1: Swinging Strike 0-2: Foul Ball, location: 2F 0-2: Ball 1-2: Ball 2-2: Ground out 4-3 (Groundball, 4)
|
Batting: LHB Ed Hart
|
0-0: Called Strike 0-1: Ball 1-1: Foul Ball, location: 2F 1-2: Ball 2-2: Strikes out looking
|
Batting: SHB Tucker Thomas
|
0-0: Called Strike 0-1: Fly out, F8 (Flyball, 8LM)
|
Bottom of the 6th over - 0 run(s), 0 hit(s), 0 error(s), 0 left on base; Topeka 1 - Tuscaloosa 10 |
TOP OF THE 7TH |
Topeka Tornados batting - Pitching for Tuscaloosa Trout Slayers : LHP José Acevedo
|
Batting: RHB Dave Henderson
|
0-0: Ball 1-0: Ball 2-0: Foul Ball, location: 2F 2-1: Ball 3-1: Foul Ball, location: 2F 3-2: Strikes out looking
|
Batting: LHB Rusty Clinton
|
0-0: Ball 1-0: Foul Ball, location: 2F 1-1: Ball 2-1: Swinging Strike 2-2: Strikes out swinging
|
Batting: RHB Desi Thompson
|
0-0: Ball 1-0: Fly out, F9 (Flyball, 9D)
|
Top of the 7th over - 0 run(s), 0 hit(s), 0 error(s), 0 left on base; Topeka 1 - Tuscaloosa 10 |
BOTTOM OF THE 7TH |
Tuscaloosa Trout Slayers batting - Pitching for Topeka Tornados : RHP Bill Coffey
|
Batting: RHB Jason Saunders
|
0-0: Ball 1-0: Reached on error, E4 (Groundball, 4MS)
|
Batting: RHB José Ortega
|
0-0: Called Strike 0-1: SINGLE (Line Drive, 56D) Jason Saunders to third
|
Batting: RHB Pat Fullerton
|
0-0: SINGLE (Line Drive, 9S) Jason Saunders scores José Ortega to second
|
Batting: RHB José Fernández
|
0-0: Ball 1-0: Called Strike 1-1: Swinging Strike 1-2: Ball 2-2: Ball 3-2: Base on Balls José Ortega to third Pat Fullerton to second
|
Batting: RHB Ben Morton
|
0-0: Ball 1-0: Ball 2-0: SINGLE (Groundball, 4M) (infield hit) José Ortega scores Pat Fullerton to third José Fernández to second
|
Pitching: LHP Pedro Vega
|
|
Batting: LHB Pat Zimmerman
|
0-0: Ball 1-0: Fly out, F7 (Flyball, 7S)
|
Batting: LHB Marcos Villarreal
|
0-0: Ball 1-0: Ball 2-0: Fly out, F7 (Flyball, 78M) Runner from 3rd tags up, SCORES, no throw
|
Batting: LHB Ed Hart
|
0-0: Ground out U3 (Groundball, 3)
|
Bottom of the 7th over - 3 run(s), 3 hit(s), 1 error(s), 2 left on base; Topeka 1 - Tuscaloosa 13 |
TOP OF THE 8TH |
Topeka Tornados batting - Pitching for Tuscaloosa Trout Slayers : LHP José Acevedo
|
Pitching: RHP Jesús Ramos
|
|
Now in RF: Lowie van den Bogaert
|
|
Batting: LHB Yoshiaki Ohayashi
|
0-0: Foul Ball, location: 2F 0-1: SINGLE (Line Drive, 7LS)
|
Batting: RHB Bob Hall
|
0-0: Ball 1-0: Called Strike 1-1: Foul Ball, location: 2F 1-2: Ball 2-2: Strikes out swinging
|
Batting: RHB Alberto Campos
|
0-0: Ball 1-0: Ball 2-0: Called Strike 2-1: Ball 3-1: Base on Balls Yoshiaki Ohayashi to second
|
Batting: SHB Giancarlo Giannini
|
0-0: Called Strike 0-1: Ball 1-1: Foul Ball, location: 2F 1-2: Fly out, F9 (Flyball, 9LM)
|
Batting: RHB Ed Watkins
|
0-0: SINGLE (Flyball, 9S) Yoshiaki Ohayashi to third Alberto Campos to second Runner from 3rd tries for Home, SAFE, no throw
|
Batting: RHB Gabriel Santana
|
0-0: Ball 1-0: Ball 2-0: Called Strike 2-1: SINGLE (Line Drive, 34) Alberto Campos to third Ed Watkins to second Runner from 3rd tries for Home, SAFE, no throw
|
Batting: RHB Dave Henderson
|
0-0: Ball 1-0: Called Strike 1-1: Foul Ball, location: 2F 1-2: Ball 2-2: Ball 3-2: Foul Ball, location: 2F 3-2: SINGLE (Groundball, 56D) Ed Watkins to third Gabriel Santana to second Ed Watkins scores Gabriel Santana to third
|
Pitching: LHP Mike Scott
|
|
Batting: LHB Rusty Clinton
|
0-0: Swinging Strike 0-1: Swinging Strike 0-2: Ball 1-2: Ball 2-2: Ball 3-2: Base on Balls Dave Henderson to second
|
Batting: RHB Desi Thompson
|
0-0: Foul Ball, location: 2F 0-1: Fly out, F7 (Flyball, 7)
|
Top of the 8th over - 3 run(s), 4 hit(s), 0 error(s), 3 left on base; Topeka 4 - Tuscaloosa 13 |
BOTTOM OF THE 8TH |
Tuscaloosa Trout Slayers batting - Pitching for Topeka Tornados : LHP Pedro Vega
|
Batting: SHB Tucker Thomas
|
0-0: Called Strike 0-1: Foul Ball, location: 2F 0-2: Ball 1-2: Ground out 1-3 (Groundball, 15)
|
Pinch Hitting: RHB Shigemasa Ishida
|
0-0: Hit by Pitch
|
Batting: RHB José Ortega
|
0-0: Called Strike 0-1: Ball 1-1: SINGLE (Line Drive, 9S) Shigemasa Ishida to second
|
Batting: RHB Pat Fullerton
|
0-0: Ball 1-0: Swinging Strike 1-1: Ground out 5-3 (Groundball, 56S) Shigemasa Ishida to third José Ortega to second
|
Batting: RHB José Fernández
|
0-0: Called Strike 0-1: Foul Ball, location: 2F 0-2: Strikes out looking
|
Bottom of the 8th over - 0 run(s), 1 hit(s), 0 error(s), 2 left on base; Topeka 4 - Tuscaloosa 13 |
TOP OF THE 9TH |
Topeka Tornados batting - Pitching for Tuscaloosa Trout Slayers : LHP Mike Scott
|
Now at SS: Wilford Lush
|
|
Batting: LHB Yoshiaki Ohayashi
|
0-0: Called Strike 0-1: Called Strike 0-2: Foul Ball, location: 2F 0-2: Strikes out swinging
|
Batting: RHB Bob Hall
|
0-0: Swinging Strike 0-1: SOLO HOME RUN (Flyball, 8LXD), Distance : 436 ft
|
Batting: RHB Alberto Campos
|
0-0: Called Strike 0-1: Ball 1-1: Ball 2-1: Ball 3-1: Base on Balls
|
Batting: SHB Giancarlo Giannini
|
0-0: Foul Ball, location: 2F 0-1: Ball 1-1: Ball 2-1: Grounds into double play, 6-4-3 (Groundball, 6)
|
Top of the 9th over - 1 run(s), 1 hit(s), 0 error(s), 0 left on base; Topeka 5 - Tuscaloosa 13 |
|